Canucks vs Flames

Created - Saturday, April 09, 2016 at 01:28

Goals
1 2 3 T
Canucks 1 1 1 3
Flames 1 2 3 6
Shots
1 2 3 T
Canucks 9 13 8 30
Flames 5 6 15 26

1st period

1. Flames , Brian Gionta 13 (Antoine Vermette, Mikael Backlund) at 3:27
2. Canucks , Alex Tanguay 19 (Nazem Kadri, Brendan Gallagher) at 12:36 (PP)

Penalties :
Alexander Edler (Van) for Delaying the game (Minor) at 7:45, John Klingberg (Cal) for Holding (Minor) at 11:35, Jack Johnson (Van) for Hooking (Minor) at 13:16

2nd period

3. Flames , Henrik Sedin 27 (Jaden Schwartz, Erik Cole) at 1:59
4. Canucks , Alex Tanguay 20 (Alexander Edler, Brendan Gallagher) at 9:27 (PP)
5. Flames , Martin St. Louis 33 (Brian Gionta) at 16:45

Penalties :
Martin St. Louis (Cal) for Holding (Minor) at 9:01, David Savard (Cal) for Cross-checking (Minor) at 14:29, Shane Doan (Cal) for Interference (Minor) at 17:07, Jack Johnson (Van) for Cross-checking (Minor) at 17:51

3rd period

6. Canucks , Nazem Kadri 30 (Mats Zuccarello, Andrei Markov) at 5:46
7. Flames , Martin St. Louis 34 (Shane Doan) at 7:07 (PP)
8. Flames , Shane Doan 15 (Ryan Murray, Martin St. Louis) at 17:06 (PP)
9. Flames , Jason Spezza 28 (Jason Pominville, Jaden Schwartz) at 19:49 (PP)

Penalties :
Derick Brassard (Van) for Hooking (Minor) at 6:52, Alexander Edler (Van) for Tripping (Minor) at 13:52, Jack Johnson (Van) for Interference (Minor) at 16:12, Mats Zuccarello (Van) for Roughing (Minor) at 18:44, Nazem Kadri (Van) for Hooking (Minor) at 19:52

Goalie Stats

Mike McKenna (Van), 20 saves from 26 shots - (0.769), L, 9-3-0, 60:00 minutes
Antti Niemi (Cal), 27 saves from 30 shots - (0.900), W, 39-10-9, 60:00 minutes

Players Stats for Canucks

Player Name              G  A  P  +/- PIM S  H  SB GA TA FO     MP     PP MP  PK MP  
------------------------------------------------------------------------------------
Alex Tanguay             2  0  2  -1  0   3  1  0  2  0  0/0    15:14   1:23   2:26 
Alexander Edler          0  1  1  -1  4   2  1  1  0  1  0/0    20:26   1:23   2:19 
Andrei Markov            0  1  1  -2  0   1  1  3  0  2  0/0    26:58   2:47   5:24 
Antoine Roussel          0  0  0  -1  0   1  1  1  0  3  0/0    16:23   0:00   4:51 
Brendan Gallagher        0  2  2  -1  0   3  2  0  3  1  0/1    16:46   1:54   0:00 
Christopher Tanev        0  0  0   1  0   0  0  1  0  1  0/0    14:34   0:00   2:31 
Clarke MacArthur         0  0  0  -1  0   2  2  1  1  0  0/2    18:22   2:16   0:07 
Craig Smith              0  0  0   0  0   1  0  0  0  1  1/1     2:16   2:16   0:00 
Derick Brassard          0  0  0  -1  2   1  1  1  2  0  4/11   18:21   2:16   0:07 
Jack Johnson             0  0  0  -2  6   3  1  1  1  2  0/0    24:09   2:46   3:28 
Jannik Hansen            0  0  0   0  0   1  2  0  0  0  0/0    18:55   0:00   0:00 
Jay Beagle               0  0  0  -1  0   2  0  0  0  0  9/14   13:07   0:00   6:40 
Joel Ward                0  0  0  -1  0   1  0  0  2  0  1/1     8:43   0:00   2:37 
Mats Zuccarello          0  1  1   1  2   3  1  0  1  2  1/2    14:50   1:54   0:00 
Nazem Kadri              1  1  2   1  2   2  1  0  1  0  7/14   14:50   1:54   0:00 
Nick Leddy               0  0  0   1  0   3  0  1  0  1  0/0    12:36   0:00   0:44 
Peter Holland            0  0  0  -1  0   1  2  0  0  1  5/9    12:41   0:00   1:16 
Willie Mitchell          0  0  0  -1  0   0  1  1  1  1  0/0    20:24   0:00   3:38 

Players Stats for Flames

Player Name              G  A  P  +/- PIM S  H  SB GA TA FO     MP     PP MP  PK MP  
------------------------------------------------------------------------------------
Antoine Vermette         0  1  1   1  0   1  1  0  2  0  4/8    12:14   0:00   1:47 
Brian Campbell           0  0  0   0  0   0  0  3  0  0  0/0    20:51   5:35   2:15 
Brian Gionta             1  1  2   1  0   1  0  0  1  0  0/0    12:14   0:00   1:47 
Chris Kunitz             0  0  0   0  0   1  1  0  1  1  0/1    11:23   0:00   0:00 
David Savard             0  0  0   0  2   0  1  3  0  1  0/0    13:29   0:00   0:44 
Erik Cole                0  1  1   1  0   1  0  0  1  0  0/0    12:02   0:00   0:41 
Henrik Sedin             1  0  1   1  0   1  0  0  1  0  11/14  14:39   0:21   2:23 
Jaden Schwartz           0  2  2   1  0   1  0  0  3  0  0/1    17:28   4:54   0:00 
Jason Pominville         0  1  1   0  0   5  1  0  4  0  1/2    16:55   4:33   0:00 
Jason Spezza             1  0  1   0  0   1  2  0  0  1  7/16   16:35   4:33   0:00 
John Klingberg           0  0  0   1  2   0  2  3  0  0  0/0    20:52   3:06   0:00 
Kris Russell             0  0  0   0  0   0  0  0  1  2  0/0    16:17   0:00   2:15 
Martin St. Louis         2  1  3   0  2   3  1  0  2  1  0/0    16:11   4:08   0:00 
Mikael Backlund          0  1  1   1  0   1  1  0  1  0  0/0    10:19   0:00   0:00 
Ryan Murray              0  1  1   1  0   1  2  1  1  1  0/0    23:14   5:56   1:11 
Sean Monahan             0  0  0   0  0   2  0  0  3  0  4/11   16:32   4:08   0:00 
Shane Doan               1  1  2   0  2   6  4  1  1  0  0/2    17:53   4:29   1:42 
TJ Brodie                0  0  0   2  0   1  1  2  0  1  0/0    25:23   3:27   1:55 

3 Stars

1 - Martin St. Louis (Cal)
2 - Alex Tanguay (Van)
3 - Brian Gionta (Cal)

Power Play

Canucks - 2 on 4 Attempt(s) - 50.00%
Flames - 3 on 8 Attempt(s) - 37.50%

Penalty Kill

Canucks - 5 on 8 Attempt(s) - 62.50% - Score 0 goal in Penalty Kill
Flames - 2 on 4 Attempt(s) - 50.00% - Score 0 goal in Penalty Kill

Team Stat

Canucks - Hits : 17 - Faceoff Wins : 28 - Blocked Shots : 11 - Penalty Minutes : 16
Flames - Hits : 17 - Faceoff Wins : 27 - Blocked Shots : 13 - Penalty Minutes : 8

Official

Referees : Unknown
Linesman : Unknown

Game Notes

No Game Note

Finance

Level 1 -- Attendance: 5638 (93.97%) -- Ticket Income $451,040
Level 2 -- Attendance: 5000 (100.00%) -- Ticket Income $250,000
Level 3 -- Attendance: 1900 (95.00%) -- Ticket Income $53,200
Level 4 -- Attendance: 3782 (94.55%) -- Ticket Income $56,730
Luxury Box -- Attendance: 978 (97.80%) -- Ticket Income $171,150
Game was played at the Pengrowth Saddledome.
Total Attendance: 17298 (96.10%)
Total Ticket Income: $982,120
Other Income: $481,239
Total Income: $1,463,359

Canucks

5 vs 5 Forward 
   Center                   Left Wing                Right Wing               Time % Phy DF OF 
 1 Derick Brassard          Clarke MacArthur         Brendan Gallagher        35     1   1  3  
 2 Nazem Kadri              Mats Zuccarello          Jannik Hansen            32     1   1  3  
 3 Peter Holland            Antoine Roussel          Alex Tanguay             20     1   2  2  
 4 Jay Beagle               Jannik Hansen            Joel Ward                13     1   3  1  

5 vs 5 Defense 
   Defense                  Defense                                           Time % Phy DF OF 
 1 Jack Johnson             Andrei Markov                                     35     1   2  2  
 2 Alexander Edler          Willie Mitchell                                   30     1   2  2  
 3 Nick Leddy               Christopher Tanev                                 22     1   2  2  
 4 Jack Johnson             Andrei Markov                                     13     1   2  2  

PowerPlay Forward 
   Center                   Left Wing                Right Wing               Time % Phy DF OF 
 1 Derick Brassard          Clarke MacArthur         Craig Smith              60     1   1  3  
 2 Nazem Kadri              Mats Zuccarello          Brendan Gallagher        40     1   1  3  

PowerPlay Defense
   Defense                  Defense                                           Time % Phy DF OF 
 1 Jack Johnson             Andrei Markov                                     60     1   2  2  
 2 Alexander Edler          Alex Tanguay                                      40     1   2  2  

Penalty Kill 4 Players Forward 
   Center                   Wing                     Time % Phy DF OF 
 1 Jay Beagle               Antoine Roussel          60     1   3  1  
 2 Peter Holland            Alex Tanguay             40     1   3  1  

Penalty Kill 4 Players Defense
   Defense                  Defense                  Time % Phy DF OF 
 1 Jack Johnson             Andrei Markov            60     1   3  1  
 2 Alexander Edler          Willie Mitchell          40     1   3  1  

Penalty Kill - 3 Players Forward 
   Forward                                           Time % Phy DF OF 
 1 Jay Beagle                                        60     1   3  1  
 2 Peter Holland                                     40     1   3  1  

Penalty Kill - 3 Players Defense
   Defense                  Defense                  Time % Phy DF OF 
 1 Jack Johnson             Andrei Markov            60     1   3  1  
 2 Alexander Edler          Willie Mitchell          40     1   3  1  

4 vs 4 Forward 
   Center                   Wing                     Time % Phy DF OF 
 1 Derick Brassard          Clarke MacArthur         60     1   2  2  
 2 Nazem Kadri              Brendan Gallagher        40     1   2  2  

4 vs 4 Defense
   Defense                  Defense                  Time % Phy DF OF 
 1 Jack Johnson             Andrei Markov            60     1   2  2  
 2 Alexander Edler          Willie Mitchell          40     1   2  2  

Last Minutes Offensive
   Center                   Left Wing                Right Wing               Defense                  Defense                  
   Derick Brassard          Clarke MacArthur         Brendan Gallagher        Jack Johnson             Andrei Markov            

Last Minutes Defensive
   Center                   Left Wing                Right Wing               Defense                  Defense                  
   Jay Beagle               Antoine Roussel          Joel Ward                Jack Johnson             Willie Mitchell          

Goaltenders
Starting : Mike McKenna             
Backup : Ben Bishop               

Extra Forwards
Normal : Craig Smith, Antoine Roussel, Clarke MacArthur - PP : Craig Smith, Antoine Roussel - PK : Joel Ward
Extra Defensemen
Normal : Nick Leddy, Christopher Tanev, Alexander Edler - PP : Nick Leddy - PK : Christopher Tanev, Alexander Edler
Penalty Shots
Derick Brassard, Mats Zuccarello, Joel Ward, Nazem Kadri, Brendan Gallagher

Flames

5 vs 5 Forward 
   Center                   Left Wing                Right Wing               Time % Phy DF OF 
 1 Henrik Sedin             Jaden Schwartz           Erik Cole                27     0   1  4  
 2 Sean Monahan             Shane Doan               Jason Pominville         26     0   1  4  
 3 Jason Spezza             Chris Kunitz             Martin St. Louis         25     1   1  3  
 4 Antoine Vermette         Mikael Backlund          Brian Gionta             22     1   1  3  

5 vs 5 Defense 
   Defense                  Defense                                           Time % Phy DF OF 
 1 TJ Brodie                John Klingberg                                    32     0   2  3  
 2 Kris Russell             Ryan Murray                                       30     0   2  3  
 3 Brian Campbell           David Savard                                      28     1   2  2  
 4 TJ Brodie                Ryan Murray                                       10     0   2  3  

PowerPlay Forward 
   Center                   Left Wing                Right Wing               Time % Phy DF OF 
 1 Jason Spezza             Jaden Schwartz           Jason Pominville         50     0   0  5  
 2 Sean Monahan             Shane Doan               Martin St. Louis         50     0   0  5  

PowerPlay Defense
   Defense                  Defense                                           Time % Phy DF OF 
 1 Brian Campbell           Ryan Murray                                       50     0   1  4  
 2 TJ Brodie                John Klingberg                                    50     0   1  4  

Penalty Kill 4 Players Forward 
   Center                   Wing                     Time % Phy DF OF 
 1 Antoine Vermette         Brian Gionta             50     0   5  0  
 2 Henrik Sedin             Shane Doan               50     0   5  0  

Penalty Kill 4 Players Defense
   Defense                  Defense                  Time % Phy DF OF 
 1 TJ Brodie                David Savard             50     0   5  0  
 2 Kris Russell             Brian Campbell           50     0   5  0  

Penalty Kill - 3 Players Forward 
   Forward                                           Time % Phy DF OF 
 1 Henrik Sedin                                      50     0   5  0  
 2 Antoine Vermette                                  50     0   5  0  

Penalty Kill - 3 Players Defense
   Defense                  Defense                  Time % Phy DF OF 
 1 TJ Brodie                Brian Campbell           50     0   5  0  
 2 Kris Russell             David Savard             50     0   5  0  

4 vs 4 Forward 
   Center                   Wing                     Time % Phy DF OF 
 1 Henrik Sedin             Jaden Schwartz           50     0   2  3  
 2 Sean Monahan             Martin St. Louis         50     0   2  3  

4 vs 4 Defense
   Defense                  Defense                  Time % Phy DF OF 
 1 TJ Brodie                Ryan Murray              50     1   2  2  
 2 Kris Russell             John Klingberg           50     1   2  2  

Last Minutes Offensive
   Center                   Left Wing                Right Wing               Defense                  Defense                  
   Henrik Sedin             Jaden Schwartz           Martin St. Louis         John Klingberg           Ryan Murray              

Last Minutes Defensive
   Center                   Left Wing                Right Wing               Defense                  Defense                  
   Antoine Vermette         Shane Doan               Brian Gionta             TJ Brodie                David Savard             

Goaltenders
Starting : Antti Niemi              
Backup : James Reimer             

Extra Forwards
Normal : Chris Kunitz, Shane Doan, Erik Cole - PP : Henrik Sedin, Chris Kunitz - PK : Erik Cole
Extra Defensemen
Normal : Brian Campbell, David Savard, Kris Russell - PP : Brian Campbell - PK : Ryan Murray, Brian Campbell
Penalty Shots
Chris Kunitz, Sean Monahan, Jason Pominville, Jason Spezza, Brian Gionta

% Time on Ice - Canucks

Lines # - Real PCT - Wanted PCT - Time Play
Normal Forward
1 - 33% - 35% - 15:05
2 - 29% - 32% - 13:11
3 - 25% - 20% - 11:11
4 - 13% - 13% - 6:06
Normal Defense
1 - 33% - 35% - 15:07
2 - 35% - 30% - 15:59
3 - 25% - 22% - 11:15
4 - 7% - 13% - 3:12
PP Forward
1 - 54% - 60% - 2:16
2 - 46% - 40% - 1:54
PP Defense
1 - 67% - 60% - 2:47
2 - 33% - 40% - 1:23
PK Forward
1 - 86% - 60% - 7:46
2 - 14% - 40% - 1:16
PK Defense
1 - 60% - 60% - 5:24
2 - 40% - 40% - 3:38
PK3 Forward
1 - 0% - 60%
2 - 0% - 40%
PK3 Defense
1 - 0% - 60%
2 - 0% - 40%
44 Forward
1 - 100% - 60% - 1:15
2 - 0% - 40% - 0:00
44 Defense
1 - 37% - 60% - 0:28
2 - 63% - 40% - 0:47
Last Minute Offensive  - 0:00
Last Minute Defensive  - 0:00
Total
Forward - 60:00
Defense - 60:00

% Time on Ice - Flames

Lines # - Real PCT - Wanted PCT - Time Play
Normal Forward
1 - 27% - 27% - 12:08
2 - 26% - 26% - 11:43
3 - 25% - 25% - 11:23
4 - 23% - 22% - 10:19
Normal Defense
1 - 35% - 32% - 15:59
2 - 32% - 30% - 14:23
3 - 28% - 28% - 12:38
4 - 6% - 10% - 2:33
PP Forward
1 - 54% - 50% - 4:54
2 - 46% - 50% - 4:08
PP Defense
1 - 66% - 50% - 5:56
2 - 34% - 50% - 3:06
PK Forward
1 - 43% - 50% - 1:47
2 - 57% - 50% - 2:23
PK Defense
1 - 46% - 50% - 1:55
2 - 54% - 50% - 2:15
PK3 Forward
1 - 0% - 50%
2 - 0% - 50%
PK3 Defense
1 - 0% - 50%
2 - 0% - 50%
44 Forward
1 - 45% - 50% - 0:34
2 - 55% - 50% - 0:41
44 Defense
1 - 37% - 50% - 0:28
2 - 63% - 50% - 0:47
Last Minute Offensive  - 0:00
Last Minute Defensive  - 0:00
Total
Forward - 60:00
Defense - 60:00

Play by Play

1st period


0:01 of 1st period - Derick Brassard wins face-off versus Henrik Sedin in neutral zone.
0:38 of 1st period - John Klingberg is hit by Jack Johnson and loses puck.
0:53 of 1st period - Andrei Markov is hit by Shane Doan and loses puck.
1:00 of 1st period - Snap shot by Jack Johnson.
1:00 of 1st period - Stopped by Antti Niemi with a rebound.
1:06 of 1st period - Alexander Edler is hit by John Klingberg and loses puck.
1:47 of 1st period - Ryan Murray is hit by Peter Holland and loses puck.
1:56 of 1st period - Slapshot by Antoine Roussel.
1:56 of 1st period - Stopped by Antti Niemi without a rebound.
1:57 of 1st period - Jay Beagle wins face-off versus Jason Spezza in Flames zone.
2:14 of 1st period - Snap shot by Jason Spezza.
2:14 of 1st period - Shot Blocked by Christopher Tanev.
2:26 of 1st period - Snap shot by Jannik Hansen.
2:26 of 1st period - Shot Blocked by David Savard.
2:36 of 1st period - Snap shot by Brendan Gallagher.
2:36 of 1st period - Shot Blocked by David Savard.
2:38 of 1st period - Wrist shot by Nick Leddy.
2:38 of 1st period - Stopped by Antti Niemi with a rebound.
2:40 of 1st period - Slapshot by Nick Leddy.
2:40 of 1st period - Stopped by Antti Niemi with a rebound.
2:42 of 1st period - Slapshot by Derick Brassard.
2:42 of 1st period - Shot Misses the Net.
2:44 of 1st period - Slapshot by Clarke MacArthur.
2:44 of 1st period - Shot Blocked by Brian Campbell.
3:05 of 1st period - Slapshot by Antoine Vermette.
3:05 of 1st period - Shot Blocked by Andrei Markov.
3:23 of 1st period - Wrist shot by Antoine Vermette.
3:23 of 1st period - Stopped by Mike McKenna with a rebound.
3:25 of 1st period - Snap shot by Brian Gionta.
3:25 of 1st period - Shot Blocked by Jack Johnson.
3:27 of 1st period - Wrist shot by Brian Gionta.
3:27 of 1st period - Goal by Brian Gionta - Canucks : 0 - Flames : 1.
3:28 of 1st period - Henrik Sedin wins face-off versus Peter Holland in neutral zone.
4:34 of 1st period - Andrei Markov is hit by Antoine Vermette and loses puck.
4:57 of 1st period - Wrist shot by Nazem Kadri.
4:57 of 1st period - Stopped by Antti Niemi with a rebound.
4:59 of 1st period - Slapshot by Andrei Markov.
4:59 of 1st period - Deflect By Mats Zuccarello.
4:59 of 1st period - Stopped by Antti Niemi with a rebound.
5:01 of 1st period - Snap shot by Mats Zuccarello.
5:01 of 1st period - Shot Misses the Net.
5:14 of 1st period - Off-side.
5:15 of 1st period - Jason Spezza wins face-off versus Brendan Gallagher in neutral zone.
6:06 of 1st period - Snap shot by Jannik Hansen.
6:06 of 1st period - Stopped by Antti Niemi with a rebound.
6:08 of 1st period - Wrist shot by Joel Ward.
6:08 of 1st period - Shot Misses the Net.
6:10 of 1st period - Slapshot by Willie Mitchell.
6:10 of 1st period - Shot Blocked by Brian Campbell.
6:35 of 1st period - Icing by Willie Mitchell.
6:36 of 1st period - Peter Holland wins face-off versus Jaden Schwartz in Canucks zone.
7:09 of 1st period - Snap shot by Jaden Schwartz.
7:09 of 1st period - Shot Blocked by Alexander Edler.
7:11 of 1st period - Slapshot by TJ Brodie.
7:11 of 1st period - Shot Hit the Post.
7:29 of 1st period - John Klingberg is hit by Clarke MacArthur and loses puck.
7:45 of 1st period - Minor Penalty to Alexander Edler for Delaying the game.
7:46 of 1st period - Sean Monahan wins face-off versus Jay Beagle in Canucks zone.
8:46 of 1st period - Wrist shot by Jason Pominville.
8:46 of 1st period - Stopped by Mike McKenna with a rebound.
9:45 of 1st period - Penalty to Alexander Edler is over, Alexander Edler is back on ice.
10:11 of 1st period - Snap shot by Brian Gionta.
10:11 of 1st period - Shot Blocked by Nick Leddy.
10:13 of 1st period - Slapshot by Ryan Murray.
10:13 of 1st period - Stopped by Mike McKenna without a rebound.
10:14 of 1st period - Henrik Sedin wins face-off versus Nazem Kadri in Canucks zone.
10:47 of 1st period - David Savard is hit by Jannik Hansen and loses puck.
10:51 of 1st period - Icing by David Savard.
10:52 of 1st period - Antoine Vermette wins face-off versus Derick Brassard in Flames zone.
11:25 of 1st period - Slapshot by Derick Brassard.
11:25 of 1st period - Shot Blocked by John Klingberg.
11:27 of 1st period - Slapshot by Clarke MacArthur.
11:27 of 1st period - Shot Misses the Net.
11:29 of 1st period - Snap shot by Alexander Edler.
11:29 of 1st period - Shot Blocked by TJ Brodie.
11:35 of 1st period - Minor Penalty to John Klingberg for Holding.
11:36 of 1st period - Henrik Sedin wins face-off versus Derick Brassard in Flames zone.
12:34 of 1st period - Backhand shot by Nazem Kadri.
12:34 of 1st period - Shot Misses the Net.
12:36 of 1st period - Slapshot by Alex Tanguay.
12:36 of 1st period - Goal by Alex Tanguay - Canucks : 1 - Flames : 1.
12:37 of 1st period - Sean Monahan wins face-off versus Jay Beagle in neutral zone.
13:16 of 1st period - Minor Penalty to Jack Johnson for Hooking.
13:17 of 1st period - Jason Spezza wins face-off versus Jay Beagle in Canucks zone.
14:56 of 1st period - Willie Mitchell is hit by Shane Doan and loses puck.
15:16 of 1st period - Penalty to Jack Johnson is over, Jack Johnson is back on ice.
15:21 of 1st period - Jason Pominville is hit by Antoine Roussel and loses puck.
16:04 of 1st period - Andrei Markov is hit by Mikael Backlund and loses puck.
16:33 of 1st period - Slapshot by Jaden Schwartz.
16:33 of 1st period - Stopped by Mike McKenna with a rebound.
17:20 of 1st period - Kris Russell is hit by Andrei Markov and loses puck.
17:46 of 1st period - Slapshot by Nick Leddy.
17:46 of 1st period - Stopped by Antti Niemi with a rebound.
18:04 of 1st period - Shane Doan is hit by Derick Brassard and loses puck.
18:35 of 1st period - Antoine Roussel is hit by Martin St. Louis and loses puck.
18:51 of 1st period - Off-side.
18:52 of 1st period - Nazem Kadri wins face-off versus Henrik Sedin in neutral zone.
Goals for this period are 1 for Canucks vs 1 for Flames.
Shots for this period are 9 for Canucks vs 5 for Flames.

2nd period


0:01 of 2nd period - Sean Monahan wins face-off versus Nazem Kadri in neutral zone.
0:07 of 2nd period - Icing by Mats Zuccarello.
0:08 of 2nd period - Nazem Kadri wins face-off versus Shane Doan in Canucks zone.
1:08 of 2nd period - David Savard is hit by Clarke MacArthur and loses puck.
1:23 of 2nd period - Slapshot by Brendan Gallagher.
1:23 of 2nd period - Stopped by Antti Niemi without a rebound.
1:24 of 2nd period - Henrik Sedin wins face-off versus Peter Holland in Flames zone.
1:24 of 2nd period - Henrik Sedin is hit by Willie Mitchell.
1:57 of 2nd period - Slapshot by Jaden Schwartz.
1:57 of 2nd period - Shot Misses the Net.
1:59 of 2nd period - Wrist shot by Henrik Sedin.
1:59 of 2nd period - Goal by Henrik Sedin - Canucks : 1 - Flames : 2.
2:00 of 2nd period - Nazem Kadri wins face-off versus Sean Monahan in neutral zone.
3:00 of 2nd period - David Savard is hit by Brendan Gallagher.
3:08 of 2nd period - Wrist shot by Martin St. Louis.
3:08 of 2nd period - Deflect By Chris Kunitz.
3:08 of 2nd period - Shot Misses the Net.
3:08 of 2nd period - Puck is out of play.
3:09 of 2nd period - Peter Holland wins face-off versus Jason Spezza in Canucks zone.
3:09 of 2nd period - Peter Holland is hit by David Savard.
3:39 of 2nd period - Slapshot by Jason Spezza.
3:39 of 2nd period - Shot Blocked by Antoine Roussel.
4:12 of 2nd period - Erik Cole is hit by Alexander Edler and loses puck.
5:22 of 2nd period - Ryan Murray is hit by Mats Zuccarello.
5:38 of 2nd period - Off-side.
5:39 of 2nd period - Jason Spezza wins face-off versus Peter Holland in neutral zone.
6:50 of 2nd period - Jaden Schwartz is hit by Brendan Gallagher and loses puck.
7:09 of 2nd period - Shane Doan is hit by Nazem Kadri and loses puck.
7:40 of 2nd period - Snap shot by Jay Beagle.
7:40 of 2nd period - Stopped by Antti Niemi without a rebound.
7:41 of 2nd period - Jay Beagle wins face-off versus Antoine Vermette in Flames zone.
7:48 of 2nd period - Wrist shot by Joel Ward.
7:48 of 2nd period - Shot Misses the Net.
8:04 of 2nd period - Snap shot by Antoine Vermette.
8:04 of 2nd period - Deflect By Brian Gionta.
8:04 of 2nd period - Shot Misses the Net.
8:04 of 2nd period - Puck is out of play.
8:05 of 2nd period - Peter Holland wins face-off versus Jason Spezza in Canucks zone.
8:05 of 2nd period - Peter Holland is hit by Chris Kunitz.
8:17 of 2nd period - Snap shot by Alex Tanguay.
8:17 of 2nd period - Deflect By Peter Holland.
8:17 of 2nd period - Stopped by Antti Niemi without a rebound.
8:18 of 2nd period - Jason Spezza wins face-off versus Clarke MacArthur in Flames zone.
8:32 of 2nd period - Snap shot by Brendan Gallagher.
8:32 of 2nd period - Shot Misses the Net.
8:34 of 2nd period - Slapshot by Jack Johnson.
8:34 of 2nd period - Shot Misses the Net.
8:38 of 2nd period - Wrist shot by Brendan Gallagher.
8:38 of 2nd period - Stopped by Antti Niemi with a rebound.
8:40 of 2nd period - Slapshot by Jack Johnson.
8:40 of 2nd period - Shot Blocked by John Klingberg.
8:51 of 2nd period - Wrist shot by Brendan Gallagher.
8:51 of 2nd period - Shot Misses the Net.
8:53 of 2nd period - Slapshot by Andrei Markov.
8:53 of 2nd period - Shot Hit the Post.
8:55 of 2nd period - Slapshot by Jack Johnson.
8:55 of 2nd period - Stopped by Antti Niemi with a rebound.
9:01 of 2nd period - Minor Penalty to Martin St. Louis for Holding.
9:02 of 2nd period - Nazem Kadri wins face-off versus Antoine Vermette in Flames zone.
9:23 of 2nd period - Wrist shot by Brendan Gallagher.
9:23 of 2nd period - Shot Misses the Net.
9:25 of 2nd period - Slapshot by Alexander Edler.
9:25 of 2nd period - Shot Blocked by Shane Doan.
9:27 of 2nd period - Snap shot by Alex Tanguay.
9:27 of 2nd period - Goal by Alex Tanguay - Canucks : 2 - Flames : 2.
9:28 of 2nd period - Nazem Kadri wins face-off versus Sean Monahan in neutral zone.
9:56 of 2nd period - Backhand shot by Jason Pominville.
9:56 of 2nd period - Shot Blocked by Andrei Markov.
9:58 of 2nd period - Snap shot by Shane Doan.
9:58 of 2nd period - Stopped by Mike McKenna with a rebound.
10:00 of 2nd period - Snap shot by Shane Doan.
10:00 of 2nd period - Stopped by Mike McKenna without a rebound.
10:01 of 2nd period - Peter Holland wins face-off versus Henrik Sedin in Canucks zone.
10:25 of 2nd period - Off-side.
10:26 of 2nd period - Derick Brassard wins face-off versus Jason Spezza in neutral zone.
10:33 of 2nd period - Wrist shot by Clarke MacArthur.
10:33 of 2nd period - Shot Misses the Net.
11:23 of 2nd period - Snap shot by Shane Doan.
11:23 of 2nd period - Stopped by Mike McKenna with a rebound.
11:25 of 2nd period - Wrist shot by Jason Pominville.
11:25 of 2nd period - Shot Misses the Net.
12:03 of 2nd period - Snap shot by Erik Cole.
12:03 of 2nd period - Stopped by Mike McKenna without a rebound.
12:04 of 2nd period - Henrik Sedin wins face-off versus Nazem Kadri in Canucks zone.
12:19 of 2nd period - Wrist shot by Mats Zuccarello.
12:19 of 2nd period - Shot Blocked by Brian Campbell.
12:25 of 2nd period - Wrist shot by Mats Zuccarello.
12:25 of 2nd period - Shot Blocked by David Savard.
12:27 of 2nd period - Snap shot by Alexander Edler.
12:27 of 2nd period - Stopped by Antti Niemi without a rebound.
12:28 of 2nd period - Antoine Vermette wins face-off versus Peter Holland in Flames zone.
13:04 of 2nd period - Slapshot by Alex Tanguay.
13:04 of 2nd period - Shot Misses the Net.
13:20 of 2nd period - Jannik Hansen is hit by Shane Doan and loses puck.
13:34 of 2nd period - Off-side.
13:35 of 2nd period - Jay Beagle wins face-off versus Jason Spezza in neutral zone.
13:42 of 2nd period - Wrist shot by Joel Ward.
13:42 of 2nd period - Stopped by Antti Niemi with a rebound.
13:44 of 2nd period - Snap shot by Jay Beagle.
13:44 of 2nd period - Deflect By Chris Kunitz.
13:44 of 2nd period - Stopped by Antti Niemi without a rebound.
13:45 of 2nd period - Jason Spezza wins face-off versus Jay Beagle in Flames zone.
14:27 of 2nd period - Snap shot by Alex Tanguay.
14:27 of 2nd period - Shot Misses the Net.
14:29 of 2nd period - Minor Penalty to David Savard for Cross-checking.
14:30 of 2nd period - Craig Smith wins face-off versus Antoine Vermette in Flames zone.
15:38 of 2nd period - Alexander Edler is hit by Ryan Murray and loses puck.
16:01 of 2nd period - Wrist shot by Craig Smith.
16:01 of 2nd period - Stopped by Antti Niemi with a rebound.
16:03 of 2nd period - Snap shot by Derick Brassard.
16:03 of 2nd period - Shot Misses the Net.
16:05 of 2nd period - Slapshot by Alexander Edler.
16:05 of 2nd period - Stopped by Antti Niemi without a rebound.
16:06 of 2nd period - Henrik Sedin wins face-off versus Derick Brassard in Flames zone.
16:27 of 2nd period - Snap shot by Nazem Kadri.
16:27 of 2nd period - Shot Misses the Net.
16:29 of 2nd period - Penalty to David Savard is over, David Savard is back on ice.
16:29 of 2nd period - Slapshot by Jack Johnson.
16:29 of 2nd period - Stopped by Antti Niemi with a rebound.
16:45 of 2nd period - Slapshot by Martin St. Louis.
16:45 of 2nd period - Goal by Martin St. Louis - Canucks : 2 - Flames : 3.
16:46 of 2nd period - Jay Beagle wins face-off versus Shane Doan in neutral zone.
17:05 of 2nd period - Snap shot by Jannik Hansen.
17:05 of 2nd period - Shot Blocked by John Klingberg.
17:07 of 2nd period - Minor Penalty to Shane Doan for Interference.
17:08 of 2nd period - Henrik Sedin wins face-off versus Derick Brassard in Flames zone.
17:51 of 2nd period - Minor Penalty to Jack Johnson for Cross-checking.
17:52 of 2nd period - Sean Monahan wins face-off versus Clarke MacArthur in Canucks zone.
18:11 of 2nd period - Slapshot by Derick Brassard.
18:11 of 2nd period - Stopped by Antti Niemi with a rebound.
18:38 of 2nd period - Off-side.
18:39 of 2nd period - Henrik Sedin wins face-off versus Derick Brassard in neutral zone.
19:07 of 2nd period - Penalty to Shane Doan is over, Shane Doan is back on ice.
19:10 of 2nd period - Snap shot by Jaden Schwartz.
19:10 of 2nd period - Shot Misses the Net.
19:51 of 2nd period - Penalty to Jack Johnson is over, Jack Johnson is back on ice.
Goals for this period are 1 for Canucks vs 2 for Flames.
Shots for this period are 13 for Canucks vs 6 for Flames.

3rd period


0:01 of 3rd period - Henrik Sedin wins face-off versus Nazem Kadri in neutral zone.
0:24 of 3rd period - Wrist shot by Erik Cole.
0:24 of 3rd period - Shot Misses the Net.
0:50 of 3rd period - Snap shot by Jason Pominville.
0:50 of 3rd period - Stopped by Mike McKenna with a rebound.
0:52 of 3rd period - Snap shot by David Savard.
0:52 of 3rd period - Shot Misses the Net.
0:54 of 3rd period - Slapshot by David Savard.
0:54 of 3rd period - Shot Misses the Net.
0:56 of 3rd period - Snap shot by Jason Pominville.
0:56 of 3rd period - Stopped by Mike McKenna with a rebound.
0:58 of 3rd period - Slapshot by David Savard.
0:58 of 3rd period - Shot Blocked by Andrei Markov.
1:00 of 3rd period - Wrist shot by Sean Monahan.
1:00 of 3rd period - Deflect By Jason Pominville.
1:00 of 3rd period - Stopped by Mike McKenna with a rebound.
1:02 of 3rd period - Snap shot by Shane Doan.
1:02 of 3rd period - Stopped by Mike McKenna with a rebound.
1:18 of 3rd period - Wrist shot by Jason Pominville.
1:18 of 3rd period - Stopped by Mike McKenna without a rebound.
1:19 of 3rd period - Peter Holland wins face-off versus Jason Spezza in Canucks zone.
1:48 of 3rd period - Wrist shot by Alex Tanguay.
1:48 of 3rd period - Shot Misses the Net.
3:00 of 3rd period - Snap shot by Derick Brassard.
3:00 of 3rd period - Shot Misses the Net.
3:02 of 3rd period - Slapshot by Andrei Markov.
3:02 of 3rd period - Deflect By John Klingberg.
3:02 of 3rd period - Stopped by Antti Niemi with a rebound.
3:04 of 3rd period - Wrist shot by Brendan Gallagher.
3:04 of 3rd period - Shot Blocked by TJ Brodie.
3:06 of 3rd period - Snap shot by Clarke MacArthur.
3:06 of 3rd period - Shot Misses the Net.
3:08 of 3rd period - Slapshot by Clarke MacArthur.
3:08 of 3rd period - Stopped by Antti Niemi with a rebound.
3:26 of 3rd period - Snap shot by Nazem Kadri.
3:26 of 3rd period - Shot Blocked by Ryan Murray.
3:36 of 3rd period - Wrist shot by Mats Zuccarello.
3:36 of 3rd period - Stopped by Antti Niemi without a rebound.
3:37 of 3rd period - Henrik Sedin wins face-off versus Nazem Kadri in Flames zone.
5:02 of 3rd period - Wrist shot by Clarke MacArthur.
5:02 of 3rd period - Stopped by Antti Niemi without a rebound.
5:03 of 3rd period - Derick Brassard wins face-off versus Jason Spezza in Flames zone.
5:12 of 3rd period - Derick Brassard is hit by Jason Spezza and loses puck.
5:46 of 3rd period - Wrist shot by Mats Zuccarello.
5:46 of 3rd period - Deflect By Nazem Kadri.
5:46 of 3rd period - Goal by Nazem Kadri - Canucks : 3 - Flames : 3.
5:47 of 3rd period - Nazem Kadri wins face-off versus Jason Pominville in neutral zone.
5:50 of 3rd period - Snap shot by Jannik Hansen.
5:50 of 3rd period - Shot Misses the Net.
6:06 of 3rd period - Snap shot by Sean Monahan.
6:06 of 3rd period - Stopped by Mike McKenna with a rebound.
6:22 of 3rd period - Slapshot by Jason Pominville.
6:22 of 3rd period - Deflect By Shane Doan.
6:22 of 3rd period - Shot Misses the Net.
6:22 of 3rd period - Puck is out of play.
6:23 of 3rd period - Henrik Sedin wins face-off versus Derick Brassard in Canucks zone.
6:38 of 3rd period - Wrist shot by Henrik Sedin.
6:38 of 3rd period - Shot Misses the Net.
6:44 of 3rd period - Wrist shot by Henrik Sedin.
6:44 of 3rd period - Shot Blocked by Derick Brassard.
6:46 of 3rd period - Snap shot by Erik Cole.
6:46 of 3rd period - Shot Misses the Net.
6:50 of 3rd period - Backhand shot by Erik Cole.
6:50 of 3rd period - Shot Misses the Net.
6:52 of 3rd period - Minor Penalty to Derick Brassard for Hooking.
6:53 of 3rd period - Jay Beagle wins face-off versus Sean Monahan in Canucks zone.
7:02 of 3rd period - Jack Johnson is hit by Shane Doan and loses puck.
7:07 of 3rd period - Snap shot by Martin St. Louis.
7:07 of 3rd period - Goal by Martin St. Louis - Canucks : 3 - Flames : 4.
7:08 of 3rd period - Jason Pominville wins face-off versus Mats Zuccarello in neutral zone.
7:17 of 3rd period - Snap shot by Sean Monahan.
7:17 of 3rd period - Shot Misses the Net.
8:07 of 3rd period - Snap shot by Erik Cole.
8:07 of 3rd period - Shot Misses the Net.
8:33 of 3rd period - Snap shot by Brendan Gallagher.
8:33 of 3rd period - Stopped by Antti Niemi with a rebound.
9:48 of 3rd period - Antoine Vermette is hit by Alex Tanguay and loses puck.
10:09 of 3rd period - Kris Russell is hit by Jannik Hansen and loses puck.
10:38 of 3rd period - Alex Tanguay is hit by Jason Pominville and loses puck.
10:53 of 3rd period - Wrist shot by Jason Pominville.
10:53 of 3rd period - Deflect By Jack Johnson.
10:53 of 3rd period - Shot Hit the Post.
10:53 of 3rd period - Puck is out of play.
10:54 of 3rd period - Derick Brassard wins face-off versus Chris Kunitz in Canucks zone.
11:44 of 3rd period - Andrei Markov is hit by TJ Brodie and loses puck.
12:26 of 3rd period - Derick Brassard is hit by John Klingberg.
13:27 of 3rd period - Sean Monahan is hit by Peter Holland and loses puck.
13:36 of 3rd period - Snap shot by Sean Monahan.
13:36 of 3rd period - Stopped by Mike McKenna with a rebound.
13:46 of 3rd period - Slapshot by Jason Pominville.
13:46 of 3rd period - Shot Blocked by Willie Mitchell.
13:52 of 3rd period - Minor Penalty to Alexander Edler for Tripping.
13:53 of 3rd period - Jay Beagle wins face-off versus Jason Spezza in Canucks zone.
15:05 of 3rd period - Alex Tanguay is hit by Ryan Murray and loses puck.
15:16 of 3rd period - Joel Ward is hit by Jason Spezza.
15:24 of 3rd period - Snap shot by Alex Tanguay.
15:24 of 3rd period - Stopped by Antti Niemi without a rebound.
15:25 of 3rd period - Joel Ward wins face-off versus Sean Monahan in Flames zone.
15:52 of 3rd period - Penalty to Alexander Edler is over, Alexander Edler is back on ice.
16:12 of 3rd period - Minor Penalty to Jack Johnson for Interference.
16:13 of 3rd period - Jay Beagle wins face-off versus Sean Monahan in Canucks zone.
16:22 of 3rd period - Snap shot by Sean Monahan.
16:22 of 3rd period - Shot Misses the Net.
16:24 of 3rd period - Snap shot by Sean Monahan.
16:24 of 3rd period - Shot Misses the Net.
17:04 of 3rd period - Slapshot by Martin St. Louis.
17:04 of 3rd period - Stopped by Mike McKenna with a rebound.
17:06 of 3rd period - Slapshot by Ryan Murray.
17:06 of 3rd period - Deflect By Shane Doan.
17:06 of 3rd period - Goal by Shane Doan - Canucks : 3 - Flames : 5.
17:07 of 3rd period - Antoine Vermette wins face-off versus Nazem Kadri in neutral zone.
17:09 of 3rd period - Off-side.
17:10 of 3rd period - Antoine Vermette wins face-off versus Nazem Kadri in neutral zone.
17:33 of 3rd period - Snap shot by Antoine Vermette.
17:33 of 3rd period - Shot Hit the Post.
17:39 of 3rd period - Snap shot by Mikael Backlund.
17:39 of 3rd period - Stopped by Mike McKenna without a rebound.
17:40 of 3rd period - Jason Spezza wins face-off versus Derick Brassard in Canucks zone.
17:47 of 3rd period - Snap shot by Chris Kunitz.
17:47 of 3rd period - Stopped by Mike McKenna with a rebound.
17:49 of 3rd period - Snap shot by Ryan Murray.
17:49 of 3rd period - Shot Blocked by Clarke MacArthur.
18:03 of 3rd period - Icing by Kris Russell.
18:04 of 3rd period - Mats Zuccarello wins face-off versus Jason Spezza in Flames zone.
18:21 of 3rd period - Snap shot by Mats Zuccarello.
18:21 of 3rd period - Stopped by Antti Niemi with a rebound.
18:44 of 3rd period - Minor Penalty to Mats Zuccarello for Roughing.
18:45 of 3rd period - Jay Beagle wins face-off versus Sean Monahan in Canucks zone.
19:07 of 3rd period - Wrist shot by Shane Doan.
19:07 of 3rd period - Shot Misses the Net.
19:09 of 3rd period - Backhand shot by TJ Brodie.
19:09 of 3rd period - Stopped by Mike McKenna with a rebound.
19:11 of 3rd period - Wrist shot by Shane Doan.
19:11 of 3rd period - Stopped by Mike McKenna without a rebound.
19:12 of 3rd period - Jason Spezza wins face-off versus Jay Beagle in Canucks zone.
19:49 of 3rd period - Wrist shot by Jason Pominville.
19:49 of 3rd period - Deflect By Jason Spezza.
19:49 of 3rd period - Goal by Jason Spezza - Canucks : 3 - Flames : 6.
19:50 of 3rd period - Nazem Kadri wins face-off versus Antoine Vermette in neutral zone.
19:52 of 3rd period - Minor Penalty to Nazem Kadri for Hooking.
19:53 of 3rd period - Jay Beagle wins face-off versus Sean Monahan in Canucks zone.
Goals for this period are 1 for Canucks vs 3 for Flames.
Shots for this period are 8 for Canucks vs 15 for Flames.